Kings vs BlackHawks

Created - 28 décembre 2020 at 21:14

Goals
1 2 3 T
Kings 0 0 3 3
BlackHawks 0 1 1 2
Shots
1 2 3 T
Kings 8 4 10 22
BlackHawks 9 20 18 47

1st period

No Goal

Penalties :
Nick Paul (LOS) for Tripping (Minor) at 0:40, Kyle Palmieri (CHI) for High sticking (Minor) at 7:37, Marco Scandella (LOS) for Interference (Minor) at 12:01

2nd period

1. BlackHawks , Kyle Palmieri 12 (Justin Faulk 9, Phillip Danault 19) at 11:58 (PP)

Penalties :
Marco Scandella (LOS) for Hooking (Minor) at 10:20, Anthony Bitetto (LOS) for Interference (Minor) at 15:14

3rd period

2. Kings , Andre Burakovsky 7 (Jesper Fast 10, John Moore 10) at 1:01
3. BlackHawks , Jake Virtanen 2 (Brandon Carlo 8, Jared McCann 7) at 1:28
4. Kings , Jesper Fast 10 (Andre Burakovsky 15, Marco Scandella 9) at 5:12
5. Kings , Jack Johnson 4 (Nick Paul 7, Jesper Fast 11) at 7:08

Penalties :
Rickard Rakell (LOS) for Goalie Interference (Minor) at 1:47, Jack Johnson (LOS) for Holding (Minor) at 8:10, Phil Kessel (CHI) for Holding (Minor) at 11:53

Goalie Stats

David Rittich (LOS), 45 saves from 47 shots - (0,957), W, 12-8-3, 60:00 minutes
Jacob Markstrom (CHI), 19 saves from 22 shots - (0,864), L, 13-16-2, 59:06 minutes

Players Stats for Kings

Player Name              G  A  P  +/- PIM S  H  SB GA TA FO     MP     PP MP  PK MP  
------------------------------------------------------------------------------------
Andre Burakovsky         1  1  2   3  0   5  0  1  0  0  0/0    18:56   1:38   4:49 
Anthony Bitetto          0  0  0  -1  2   0  5  1  0  0  0/0    16:22   0:00   2:50 
Conor Sheary             0  0  0   0  0   0  0  0  0  0  0/0     0:33   0:00   0:00 
Corey Perry              0  0  0   0  0   1  0  0  0  0  0/1     3:51   0:00   0:00 
Jack Johnson             1  0  1   1  2   1  1  1  0  0  0/0    25:01   2:20   4:07 
Jesper Fast              1  2  3   3  0   6  0  0  0  0  0/3    14:40   1:38   0:00 
John Moore               0  1  1   2  0   1  1  2  0  0  0/0    19:52   1:38   5:53 
Jordan Eberle            0  0  0   0  0   0  1  0  0  0  2/6    18:48   2:20   3:34 
Justin Williams          0  0  0  -1  0   1  0  0  0  0  0/0    14:42   0:00   0:00 
Lucas Wallmark           0  0  0  -1  0   0  0  0  0  0  5/16   16:05   0:00   1:23 
Marc-Edouard Vlasic      0  0  0   1  0   0  0  2  0  0  0/0    25:44   1:52   5:51 
Marco Scandella          0  1  1   2  4   2  3  2  0  0  0/0    18:22   1:38   4:25 
Mikael Backlund          0  0  0   0  0   2  1  0  0  0  24/44  26:03   2:20   6:58 
Nick Bjugstad            0  0  0   0  0   1  2  0  0  0  2/4     4:20   0:00   0:29 
Nick Paul                0  1  1   3  2   1  1  0  0  0  15/23  14:39   1:38   0:00 
Rickard Rakell           0  0  0   0  2   0  2  0  0  0  1/2    21:06   2:20   5:53 
Stephen Johns            0  0  0  -1  0   0  3  1  0  0  0/0    14:35   0:28   0:00 
Zemgus Girgensons        0  0  0  -1  0   1  1  1  0  0  0/0    14:42   0:00   0:00 

Players Stats for BlackHawks

Player Name              G  A  P  +/- PIM S  H  SB GA TA FO     MP     PP MP  PK MP  
------------------------------------------------------------------------------------
Adam Larsson             0  0  0   0  0   0  3  0  0  0  0/0    21:17   4:57   1:22 
Anze Kopitar             0  0  0  -2  0   11 2  1  0  0  25/46  23:42   5:11   2:36 
Ben Hutton               0  0  0  -1  0   0  1  0  0  0  0/0    12:37   0:00   0:00 
Brandon Carlo            0  1  1   0  0   2  1  2  0  0  0/0    21:17   4:57   1:22 
Curtis Lazar             0  0  0   0  0   1  0  0  0  0  1/2     5:59   0:00   0:00 
Denis Malgin             0  0  0   0  0   0  1  0  0  0  0/0     5:59   0:00   0:00 
Erik Johnson             0  0  0  -1  0   2  3  0  0  0  0/0    26:06   6:36   2:36 
Ivan Barbashev           0  0  0   0  0   1  1  0  0  0  1/4     7:27   0:00   1:28 
Jaden Schwartz           0  0  0  -2  0   7  2  0  0  0  0/0    22:28   5:11   1:22 
Jake Virtanen            1  0  1   1  0   1  1  0  0  0  0/0    10:58   0:00   0:00 
Jared McCann             0  1  1   1  0   4  0  0  0  0  2/10   10:58   0:00   0:00 
John Marino              0  0  0  -1  0   0  1  0  0  0  0/0    12:37   0:00   0:00 
Justin Faulk             0  1  1  -1  0   3  2  1  0  0  0/0    26:06   6:36   2:36 
Kyle Palmieri            1  0  1  -1  2   8  1  0  0  0  0/1    17:58   6:22   0:00 
Lawson Crouse            0  0  0   1  0   0  3  0  0  0  0/0    10:58   0:00   0:00 
Phil Kessel              0  0  0  -2  2   2  1  0  0  0  0/1    21:50   5:11   0:45 
Phillip Danault          0  1  1  -1  0   1  5  0  0  0  18/32  19:44   6:22   1:45 
Scott Laughton           0  0  0  -1  0   4  2  0  0  0  3/3    17:59   6:22   0:00 

3 Stars

1 - Jesper Fast (LOS)
2 - David Rittich (LOS)
3 - Andre Burakovsky (LOS)

Power Play

Kings - 0 on 2 Attempt(s) - 0,00%
BlackHawks - 1 on 6 Attempt(s) - 16,67%

Penalty Kill

Kings - 5 on 6 Attempt(s) - 83,33% - Score 0 goal in Penalty Kill
BlackHawks - 2 on 2 Attempt(s) - 100,00% - Score 0 goal in Penalty Kill

Team Stat

Kings - Hits : 21 - Faceoff Wins : 49 - Blocked Shots : 11 - Penalty Minutes : 12
BlackHawks - Hits : 30 - Faceoff Wins : 50 - Blocked Shots : 4 - Penalty Minutes : 4

Official

Referees : Dean Morton and Chris Rooney
Linesman : Scott Driscoll and Jaime Alary

Game Notes

No Game Note

Finance

Level 1 -- Attendance: 2825 (43,46%) -- Ticket Income 706 250 $
Level 2 -- Attendance: 1969 (39,38%) -- Ticket Income 393 800 $
Level 3 -- Attendance: 1154 (32,97%) -- Ticket Income 201 950 $
Level 4 -- Attendance: 730 (19,64%) -- Ticket Income 109 500 $
Luxury Box -- Attendance: 495 (49,50%) -- Ticket Income 198 000 $
Game was played at the United Center.
Total Attendance: 7173 (36,38%)
Total Ticket Income: 1 609 500 $
Other Income: 788 655 $
Total Income: 2 398 155 $

% Time on Ice - Kings

Lines # - Real PCT - Wanted PCT - Time Play
Normal Forward
1 - 29% - 40% - 12:54
2 - 29% - 30% - 13:02
3 - 33% - 20% - 14:42
4 - 9% - 10% - 3:51
Normal Defense
1 - 40% - 40% - 17:48
2 - 28% - 30% - 12:21
3 - 30% - 20% - 13:33
4 - 2% - 10% - 0:47
PP Forward
1 - 59% - 60% - 2:20
2 - 41% - 40% - 1:38
PP Defense
1 - 59% - 60% - 2:20
2 - 41% - 40% - 1:38
PK Forward
1 - 69% - 60% - 7:59
2 - 31% - 40% - 3:34
PK Defense
1 - 43% - 60% - 4:57
2 - 57% - 40% - 6:36
PK3 Forward
1 - 0% - 60%
2 - 0% - 40%
PK3 Defense
1 - 0% - 60%
2 - 0% - 40%
44 Forward
1 - 0% - 60%
2 - 0% - 40%
44 Defense
1 - 0% - 60%
2 - 0% - 40%
Last Minute Offensive  - 0:00
Last Minute Defensive  - 0:00
Total
Forward - 60:00
Defense - 60:00

% Time on Ice - BlackHawks

Lines # - Real PCT - Wanted PCT - Time Play
Normal Forward
1 - 35% - 40% - 15:34
2 - 26% - 30% - 11:37
3 - 25% - 20% - 10:58
4 - 14% - 10% - 5:59
Normal Defense
1 - 37% - 40% - 16:14
2 - 34% - 30% - 14:58
3 - 29% - 20% - 12:37
4 - 1% - 10% - 0:19
PP Forward
1 - 45% - 60% - 5:11
2 - 55% - 40% - 6:22
PP Defense
1 - 57% - 60% - 6:36
2 - 43% - 40% - 4:57
PK Forward
1 - 66% - 60% - 2:36
2 - 34% - 40% - 1:22
PK Defense
1 - 66% - 60% - 2:36
2 - 34% - 40% - 1:22
PK3 Forward
1 - 0% - 60%
2 - 0% - 40%
PK3 Defense
1 - 0% - 60%
2 - 0% - 40%
44 Forward
1 - 0% - 60%
2 - 0% - 40%
44 Defense
1 - 0% - 60%
2 - 0% - 40%
Last Minute Offensive  - 0:21
Last Minute Defensive  - 0:00
Total
Forward - 60:00
Defense - 60:00

Play-by-Play

1st period


0:01 of 1st period - Mikael Backlund wins face-off versus Anze Kopitar in neutral zone.
0:01 of 1st period - Rickard Rakell is hit by Phil Kessel and loses puck.
0:22 of 1st period - Shot by Anze Kopitar.
0:22 of 1st period - Deflect By Jaden Schwartz.
0:22 of 1st period - Stopped by David Rittich without a rebound.
0:23 of 1st period - Nick Paul wins face-off versus Phillip Danault in Kings zone.
0:23 of 1st period - Nick Paul is hit by Phillip Danault.
0:40 of 1st period - Minor Penalty to Nick Paul for Tripping.
0:41 of 1st period - Mikael Backlund wins face-off versus Anze Kopitar in Kings zone.
0:58 of 1st period - Shot by Phil Kessel.
0:58 of 1st period - Stopped by David Rittich without a rebound.
0:59 of 1st period - Mikael Backlund wins face-off versus Kyle Palmieri in Kings zone.
2:14 of 1st period - Shot by Phil Kessel.
2:14 of 1st period - Shot Blocked by Marco Scandella.
2:16 of 1st period - Shot by Anze Kopitar.
2:16 of 1st period - Stopped by David Rittich without a rebound.
2:17 of 1st period - Mikael Backlund wins face-off versus Phillip Danault in Kings zone.
2:17 of 1st period - Mikael Backlund is hit by Scott Laughton.
2:38 of 1st period - Shot by Kyle Palmieri.
2:38 of 1st period - Shot Blocked by Marc-Edouard Vlasic.
2:40 of 1st period - Shot by Brandon Carlo.
2:40 of 1st period - Stopped by David Rittich with a rebound.
2:42 of 1st period - Shot by Ben Hutton.
2:42 of 1st period - Shot Misses the Net.
3:00 of 1st period - Shot by Jake Virtanen.
3:00 of 1st period - Shot Blocked by Stephen Johns.
3:10 of 1st period - Shot by Jared McCann.
3:10 of 1st period - Stopped by David Rittich without a rebound.
3:11 of 1st period - Nick Paul wins face-off versus Anze Kopitar in Kings zone.
5:12 of 1st period - Denis Malgin is hit by Anthony Bitetto and loses puck.
5:19 of 1st period - Shot by Curtis Lazar.
5:19 of 1st period - Stopped by David Rittich without a rebound.
5:20 of 1st period - Jared McCann wins face-off versus Nick Paul in Kings zone.
5:20 of 1st period - Jared McCann is hit by John Moore.
5:28 of 1st period - Nick Paul is hit by Jake Virtanen and loses puck.
5:48 of 1st period - Shot by Jesper Fast.
5:48 of 1st period - Stopped by Jacob Markstrom with a rebound.
5:50 of 1st period - Shot by Jesper Fast.
5:50 of 1st period - Stopped by Jacob Markstrom without a rebound.
5:51 of 1st period - Anze Kopitar wins face-off versus Lucas Wallmark in BlackHawks zone.
6:07 of 1st period - Off-side.
6:08 of 1st period - Phillip Danault wins face-off versus Nick Bjugstad in neutral zone.
6:14 of 1st period - Phillip Danault is hit by Marco Scandella and loses puck.
6:29 of 1st period - Shot by Nick Bjugstad.
6:29 of 1st period - Stopped by Jacob Markstrom without a rebound.
6:30 of 1st period - Nick Paul wins face-off versus Anze Kopitar in BlackHawks zone.
6:43 of 1st period - Shot by Andre Burakovsky.
6:43 of 1st period - Shot Misses the Net.
6:45 of 1st period - Shot by Jesper Fast.
6:45 of 1st period - Stopped by Jacob Markstrom without a rebound.
6:46 of 1st period - Phillip Danault wins face-off versus Lucas Wallmark in BlackHawks zone.
6:56 of 1st period - Kyle Palmieri is hit by Anthony Bitetto and loses puck.
7:12 of 1st period - Zemgus Girgensons is hit by Adam Larsson and loses puck.
7:30 of 1st period - Icing by Scott Laughton.
7:31 of 1st period - Mikael Backlund wins face-off versus Phillip Danault in BlackHawks zone.
7:37 of 1st period - Minor Penalty to Kyle Palmieri for High sticking.
7:38 of 1st period - Mikael Backlund wins face-off versus Anze Kopitar in BlackHawks zone.
8:30 of 1st period - Marco Scandella is hit by Jaden Schwartz and loses puck.
8:45 of 1st period - Shot by Jaden Schwartz.
8:45 of 1st period - Shot Blocked by John Moore.
9:18 of 1st period - Off-side.
9:19 of 1st period - Mikael Backlund wins face-off versus Anze Kopitar in neutral zone.
9:57 of 1st period - Shot by Justin Williams.
9:57 of 1st period - Shot Misses the Net.
10:29 of 1st period - Curtis Lazar is hit by Anthony Bitetto and loses puck.
12:01 of 1st period - Minor Penalty to Marco Scandella for Interference.
12:02 of 1st period - Phillip Danault wins face-off versus Mikael Backlund in Kings zone.
12:09 of 1st period - Shot by Scott Laughton.
12:09 of 1st period - Stopped by David Rittich without a rebound.
12:10 of 1st period - Phillip Danault wins face-off versus Mikael Backlund in Kings zone.
12:33 of 1st period - Shot by Erik Johnson.
12:33 of 1st period - Shot Blocked by Marc-Edouard Vlasic.
12:35 of 1st period - Shot by Scott Laughton.
12:35 of 1st period - Stopped by David Rittich with a rebound.
13:09 of 1st period - Shot by Anze Kopitar.
13:09 of 1st period - Stopped by David Rittich without a rebound.
13:10 of 1st period - Mikael Backlund wins face-off versus Anze Kopitar in Kings zone.
13:45 of 1st period - Marc-Edouard Vlasic is hit by Anze Kopitar and loses puck.
14:01 of 1st period - Kyle Palmieri is hit by Marco Scandella and loses puck.
14:10 of 1st period - Justin Williams is hit by Lawson Crouse and loses puck.
14:15 of 1st period - Shot by Jared McCann.
14:15 of 1st period - Shot Misses the Net.
14:40 of 1st period - Icing by Ben Hutton.
14:41 of 1st period - Nick Paul wins face-off versus Jared McCann in BlackHawks zone.
15:07 of 1st period - Jesper Fast is hit by Erik Johnson and loses puck.
15:14 of 1st period - Shot by Andre Burakovsky.
15:14 of 1st period - Stopped by Jacob Markstrom without a rebound.
15:15 of 1st period - Anze Kopitar wins face-off versus Corey Perry in BlackHawks zone.
15:15 of 1st period - Anze Kopitar is hit by Nick Bjugstad.
15:20 of 1st period - Jaden Schwartz is hit by Nick Bjugstad and loses puck.
15:25 of 1st period - Shot by Corey Perry.
15:25 of 1st period - Stopped by Jacob Markstrom without a rebound.
15:26 of 1st period - Phillip Danault wins face-off versus Lucas Wallmark in BlackHawks zone.
15:36 of 1st period - Lucas Wallmark is hit by Scott Laughton and loses puck.
15:44 of 1st period - Scott Laughton is hit by Stephen Johns and loses puck.
16:17 of 1st period - Icing by Justin Faulk.
16:18 of 1st period - Mikael Backlund wins face-off versus Phillip Danault in BlackHawks zone.
16:18 of 1st period - Mikael Backlund is hit by Justin Faulk.
16:23 of 1st period - Mikael Backlund is hit by Erik Johnson and loses puck.
16:35 of 1st period - Icing by Jack Johnson.
16:36 of 1st period - Anze Kopitar wins face-off versus Mikael Backlund in Kings zone.
16:53 of 1st period - Shot by Phil Kessel.
16:53 of 1st period - Shot Misses the Net.
17:31 of 1st period - Shot by Andre Burakovsky.
17:31 of 1st period - Stopped by Jacob Markstrom with a rebound.
17:33 of 1st period - Shot by Nick Paul.
17:33 of 1st period - Stopped by Jacob Markstrom without a rebound.
17:34 of 1st period - Lucas Wallmark wins face-off versus Jared McCann in BlackHawks zone.
17:57 of 1st period - Shot by Jared McCann.
17:57 of 1st period - Shot Hit the Post.
18:49 of 1st period - Icing by Jack Johnson.
18:50 of 1st period - Phillip Danault wins face-off versus Mikael Backlund in Kings zone.
19:42 of 1st period - Icing by Nick Paul.
19:43 of 1st period - Nick Paul wins face-off versus Anze Kopitar in Kings zone.
19:57 of 1st period - Icing by Erik Johnson.
19:58 of 1st period - Nick Bjugstad wins face-off versus Anze Kopitar in BlackHawks zone.
Goals for this period are 0 for Kings vs 0 for BlackHawks.
Shots for this period are 8 for Kings vs 9 for BlackHawks.

2nd period


0:01 of 2nd period - Mikael Backlund wins face-off versus Phil Kessel in neutral zone.
0:03 of 2nd period - Off-side.
0:04 of 2nd period - Anze Kopitar wins face-off versus Mikael Backlund in neutral zone.
0:15 of 2nd period - Shot by Jaden Schwartz.
0:15 of 2nd period - Stopped by David Rittich without a rebound.
0:16 of 2nd period - Nick Paul wins face-off versus Phillip Danault in Kings zone.
0:40 of 2nd period - Icing by Jesper Fast.
0:41 of 2nd period - Anze Kopitar wins face-off versus Nick Paul in Kings zone.
1:09 of 2nd period - Icing by Justin Faulk.
1:10 of 2nd period - Mikael Backlund wins face-off versus Anze Kopitar in BlackHawks zone.
1:19 of 2nd period - Shot by Mikael Backlund.
1:19 of 2nd period - Stopped by Jacob Markstrom without a rebound.
1:20 of 2nd period - Mikael Backlund wins face-off versus Phillip Danault in BlackHawks zone.
1:32 of 2nd period - Icing by Jack Johnson.
1:33 of 2nd period - Mikael Backlund wins face-off versus Jared McCann in Kings zone.
1:56 of 2nd period - Shot by Jared McCann.
1:56 of 2nd period - Shot Hit the Post.
2:30 of 2nd period - Shot by Anze Kopitar.
2:30 of 2nd period - Stopped by David Rittich without a rebound.
2:31 of 2nd period - Anze Kopitar wins face-off versus Lucas Wallmark in Kings zone.
2:38 of 2nd period - Shot by Anze Kopitar.
2:38 of 2nd period - Shot Blocked by Anthony Bitetto.
2:57 of 2nd period - Anze Kopitar is hit by Anthony Bitetto.
2:59 of 2nd period - Shot by Phil Kessel.
2:59 of 2nd period - Deflect By Jaden Schwartz.
2:59 of 2nd period - Shot Misses the Net.
3:12 of 2nd period - Anze Kopitar is hit by Stephen Johns and loses puck.
3:25 of 2nd period - Shot by Kyle Palmieri.
3:25 of 2nd period - Stopped by David Rittich without a rebound.
3:26 of 2nd period - Phillip Danault wins face-off versus Mikael Backlund in Kings zone.
4:03 of 2nd period - Shot by Rickard Rakell.
4:03 of 2nd period - Shot Misses the Net.
4:10 of 2nd period - Phillip Danault is hit by Rickard Rakell and loses puck.
4:45 of 2nd period - Icing by Andre Burakovsky.
4:46 of 2nd period - Anze Kopitar wins face-off versus Jesper Fast in Kings zone.
4:51 of 2nd period - Shot by Justin Faulk.
4:51 of 2nd period - Shot Misses the Net.
4:53 of 2nd period - Shot by Erik Johnson.
4:53 of 2nd period - Stopped by David Rittich without a rebound.
4:54 of 2nd period - Anze Kopitar wins face-off versus Lucas Wallmark in Kings zone.
5:05 of 2nd period - Shot by Anze Kopitar.
5:05 of 2nd period - Shot Misses the Net.
5:07 of 2nd period - Shot by Justin Faulk.
5:07 of 2nd period - Stopped by David Rittich without a rebound.
5:08 of 2nd period - Jared McCann wins face-off versus Jesper Fast in Kings zone.
5:23 of 2nd period - Shot by Jesper Fast.
5:23 of 2nd period - Stopped by Jacob Markstrom without a rebound.
5:24 of 2nd period - Anze Kopitar wins face-off versus Mikael Backlund in BlackHawks zone.
5:47 of 2nd period - Rickard Rakell is hit by Justin Faulk and loses puck.
5:54 of 2nd period - Shot by Jordan Eberle.
5:54 of 2nd period - Shot Misses the Net.
7:25 of 2nd period - Shot by Kyle Palmieri.
7:25 of 2nd period - Stopped by David Rittich without a rebound.
7:26 of 2nd period - Ivan Barbashev wins face-off versus Nick Bjugstad in Kings zone.
7:52 of 2nd period - Mikael Backlund is hit by Denis Malgin and loses puck.
8:04 of 2nd period - Marc-Edouard Vlasic is hit by John Marino and loses puck.
8:12 of 2nd period - Off-side.
8:13 of 2nd period - Anze Kopitar wins face-off versus Lucas Wallmark in neutral zone.
8:18 of 2nd period - Shot by Phil Kessel.
8:18 of 2nd period - Stopped by David Rittich without a rebound.
8:19 of 2nd period - Anze Kopitar wins face-off versus Nick Paul in Kings zone.
8:29 of 2nd period - Jesper Fast is hit by Erik Johnson and loses puck.
8:51 of 2nd period - Icing by Anze Kopitar.
8:52 of 2nd period - Anze Kopitar wins face-off versus Lucas Wallmark in BlackHawks zone.
8:56 of 2nd period - Icing by Jaden Schwartz.
8:57 of 2nd period - Anze Kopitar wins face-off versus Mikael Backlund in BlackHawks zone.
9:08 of 2nd period - Shot by Phil Kessel.
9:08 of 2nd period - Shot Blocked by Jack Johnson.
9:41 of 2nd period - Shot by Kyle Palmieri.
9:41 of 2nd period - Stopped by David Rittich with a rebound.
9:43 of 2nd period - Shot by Brandon Carlo.
9:43 of 2nd period - Stopped by David Rittich with a rebound.
9:51 of 2nd period - Icing by Jordan Eberle.
9:52 of 2nd period - Mikael Backlund wins face-off versus Jared McCann in Kings zone.
10:07 of 2nd period - Shot by Jake Virtanen.
10:07 of 2nd period - Shot Misses the Net.
10:11 of 2nd period - Shot by Jared McCann.
10:11 of 2nd period - Stopped by David Rittich with a rebound.
10:13 of 2nd period - Shot by Jared McCann.
10:13 of 2nd period - Stopped by David Rittich without a rebound.
10:14 of 2nd period - Nick Paul wins face-off versus Ivan Barbashev in Kings zone.
10:14 of 2nd period - Andre Burakovsky is hit by Ivan Barbashev and loses puck.
10:20 of 2nd period - Minor Penalty to Marco Scandella for Hooking.
10:21 of 2nd period - Lucas Wallmark wins face-off versus Anze Kopitar in Kings zone.
10:40 of 2nd period - Shot by Anze Kopitar.
10:40 of 2nd period - Shot Blocked by Andre Burakovsky.
10:42 of 2nd period - Shot by Anze Kopitar.
10:42 of 2nd period - Stopped by David Rittich without a rebound.
10:43 of 2nd period - Scott Laughton wins face-off versus Mikael Backlund in Kings zone.
10:57 of 2nd period - Off-side.
10:58 of 2nd period - Anze Kopitar wins face-off versus Jordan Eberle in neutral zone.
11:01 of 2nd period - Shot by Justin Faulk.
11:01 of 2nd period - Shot Misses the Net.
11:03 of 2nd period - Shot by Anze Kopitar.
11:03 of 2nd period - Stopped by David Rittich with a rebound.
11:07 of 2nd period - Shot by Anze Kopitar.
11:07 of 2nd period - Shot Misses the Net.
11:09 of 2nd period - Shot by Justin Faulk.
11:09 of 2nd period - Stopped by David Rittich without a rebound.
11:10 of 2nd period - Phillip Danault wins face-off versus Mikael Backlund in Kings zone.
11:13 of 2nd period - Shot by Scott Laughton.
11:13 of 2nd period - Stopped by David Rittich with a rebound.
11:27 of 2nd period - Icing by Erik Johnson.
11:28 of 2nd period - Phillip Danault wins face-off versus Mikael Backlund in BlackHawks zone.
11:30 of 2nd period - Icing by Scott Laughton.
11:31 of 2nd period - Phillip Danault wins face-off versus Rickard Rakell in BlackHawks zone.
11:58 of 2nd period - Shot by Kyle Palmieri.
11:58 of 2nd period - Goal by Kyle Palmieri - Kings : 0 - BlackHawks : 1.
11:59 of 2nd period - Nick Paul wins face-off versus Anze Kopitar in neutral zone.
12:16 of 2nd period - Shot by Jaden Schwartz.
12:16 of 2nd period - Deflect By Anze Kopitar.
12:16 of 2nd period - Stopped by David Rittich without a rebound.
12:17 of 2nd period - Lucas Wallmark wins face-off versus Jared McCann in Kings zone.
12:17 of 2nd period - Lucas Wallmark is hit by Lawson Crouse.
12:24 of 2nd period - Anthony Bitetto is hit by Ben Hutton and loses puck.
12:42 of 2nd period - Off-side.
12:43 of 2nd period - Anze Kopitar wins face-off versus Nick Paul in neutral zone.
12:52 of 2nd period - Shot by Phil Kessel.
12:52 of 2nd period - Deflect By Anze Kopitar.
12:52 of 2nd period - Stopped by David Rittich without a rebound.
12:53 of 2nd period - Mikael Backlund wins face-off versus Phillip Danault in Kings zone.
12:58 of 2nd period - Shot by Scott Laughton.
12:58 of 2nd period - Shot Blocked by Marco Scandella.
13:17 of 2nd period - Icing by John Moore.
13:18 of 2nd period - Mikael Backlund wins face-off versus Anze Kopitar in Kings zone.
13:32 of 2nd period - Mikael Backlund is hit by Brandon Carlo and loses puck.
13:49 of 2nd period - Shot by Anze Kopitar.
13:49 of 2nd period - Stopped by David Rittich without a rebound.
13:50 of 2nd period - Scott Laughton wins face-off versus Nick Paul in Kings zone.
13:53 of 2nd period - Shot by Scott Laughton.
13:53 of 2nd period - Shot Misses the Net.
14:26 of 2nd period - Icing by Marc-Edouard Vlasic.
14:27 of 2nd period - Anze Kopitar wins face-off versus Nick Paul in Kings zone.
14:32 of 2nd period - Shot by Phil Kessel.
14:32 of 2nd period - Deflect By Jaden Schwartz.
14:32 of 2nd period - Shot Misses the Net.
14:38 of 2nd period - Anze Kopitar is hit by Nick Paul and loses puck.
14:48 of 2nd period - Jaden Schwartz is hit by Zemgus Girgensons and loses puck.
15:03 of 2nd period - Shot by Zemgus Girgensons.
15:03 of 2nd period - Stopped by Jacob Markstrom with a rebound.
15:07 of 2nd period - Shot by Justin Williams.
15:07 of 2nd period - Stopped by Jacob Markstrom with a rebound.
15:09 of 2nd period - Shot by Zemgus Girgensons.
15:09 of 2nd period - Shot Misses the Net.
15:14 of 2nd period - Minor Penalty to Anthony Bitetto for Interference.
15:15 of 2nd period - Rickard Rakell wins face-off versus Phillip Danault in Kings zone.
15:15 of 2nd period - Rickard Rakell is hit by Phillip Danault.
15:33 of 2nd period - Shot by Justin Faulk.
15:33 of 2nd period - Shot Misses the Net.
15:35 of 2nd period - Shot by Kyle Palmieri.
15:35 of 2nd period - Stopped by David Rittich without a rebound.
15:36 of 2nd period - Mikael Backlund wins face-off versus Phillip Danault in Kings zone.
15:36 of 2nd period - Mikael Backlund is hit by Phillip Danault.
17:03 of 2nd period - Shot by Justin Faulk.
17:03 of 2nd period - Shot Misses the Net.
17:05 of 2nd period - Shot by Justin Faulk.
17:05 of 2nd period - Shot Blocked by John Moore.
17:21 of 2nd period - Shot by Jake Virtanen.
17:21 of 2nd period - Shot Misses the Net.
17:23 of 2nd period - Shot by John Marino.
17:23 of 2nd period - Shot Misses the Net.
18:12 of 2nd period - Shot by Nick Bjugstad.
18:12 of 2nd period - Shot Misses the Net.
19:22 of 2nd period - Icing by Anze Kopitar.
19:23 of 2nd period - Mikael Backlund wins face-off versus Anze Kopitar in BlackHawks zone.
19:38 of 2nd period - Shot by Rickard Rakell.
19:38 of 2nd period - Shot Misses the Net.
Goals for this period are 0 for Kings vs 1 for BlackHawks.
Shots for this period are 4 for Kings vs 20 for BlackHawks.

3rd period


0:01 of 3rd period - Mikael Backlund wins face-off versus Anze Kopitar in neutral zone.
0:05 of 3rd period - Icing by Justin Faulk.
0:06 of 3rd period - Anze Kopitar wins face-off versus Jordan Eberle in BlackHawks zone.
0:06 of 3rd period - Anze Kopitar is hit by Rickard Rakell.
0:47 of 3rd period - Shot by Jaden Schwartz.
0:47 of 3rd period - Stopped by David Rittich without a rebound.
0:48 of 3rd period - Phillip Danault wins face-off versus Jesper Fast in Kings zone.
1:01 of 3rd period - Shot by Andre Burakovsky.
1:01 of 3rd period - Goal by Andre Burakovsky - Kings : 1 - BlackHawks : 1.
1:02 of 3rd period - Lucas Wallmark wins face-off versus Jared McCann in neutral zone.
1:04 of 3rd period - Zemgus Girgensons is hit by Adam Larsson and loses puck.
1:28 of 3rd period - Shot by Jake Virtanen.
1:28 of 3rd period - Goal by Jake Virtanen - Kings : 1 - BlackHawks : 2.
1:29 of 3rd period - Anze Kopitar wins face-off versus Mikael Backlund in neutral zone.
1:47 of 3rd period - Minor Penalty to Rickard Rakell for Goalie Interference.
1:48 of 3rd period - Mikael Backlund wins face-off versus Phillip Danault in Kings zone.
2:11 of 3rd period - Shot by Scott Laughton.
2:11 of 3rd period - Shot Misses the Net.
2:28 of 3rd period - Icing by Scott Laughton.
2:29 of 3rd period - Scott Laughton wins face-off versus Mikael Backlund in BlackHawks zone.
2:29 of 3rd period - Scott Laughton is hit by Mikael Backlund.
3:18 of 3rd period - Shot by Justin Faulk.
3:18 of 3rd period - Stopped by David Rittich with a rebound.
3:20 of 3rd period - Shot by Jaden Schwartz.
3:20 of 3rd period - Stopped by David Rittich with a rebound.
3:36 of 3rd period - Shot by Scott Laughton.
3:36 of 3rd period - Stopped by David Rittich without a rebound.
3:37 of 3rd period - Phillip Danault wins face-off versus Mikael Backlund in Kings zone.
4:21 of 3rd period - Shot by Jared McCann.
4:21 of 3rd period - Stopped by David Rittich with a rebound.
4:42 of 3rd period - Icing by Justin Faulk.
4:43 of 3rd period - Mikael Backlund wins face-off versus Ivan Barbashev in BlackHawks zone.
5:00 of 3rd period - Shot by Rickard Rakell.
5:00 of 3rd period - Shot Misses the Net.
5:02 of 3rd period - Shot by Mikael Backlund.
5:02 of 3rd period - Stopped by Jacob Markstrom without a rebound.
5:03 of 3rd period - Nick Paul wins face-off versus Anze Kopitar in BlackHawks zone.
5:10 of 3rd period - Shot by Andre Burakovsky.
5:10 of 3rd period - Shot Misses the Net.
5:12 of 3rd period - Shot by Jesper Fast.
5:12 of 3rd period - Goal by Jesper Fast - Kings : 2 - BlackHawks : 2.
5:13 of 3rd period - Nick Paul wins face-off versus Phillip Danault in neutral zone.
5:23 of 3rd period - Icing by Nick Paul.
5:24 of 3rd period - Anze Kopitar wins face-off versus Nick Paul in Kings zone.
5:25 of 3rd period - Shot by Jaden Schwartz.
5:25 of 3rd period - Shot Hit the Post.
5:28 of 3rd period - Icing by Marc-Edouard Vlasic.
5:29 of 3rd period - Anze Kopitar wins face-off versus Nick Paul in Kings zone.
5:53 of 3rd period - Shot by Nick Paul.
5:53 of 3rd period - Deflect By Andre Burakovsky.
5:53 of 3rd period - Shot Misses the Net.
6:05 of 3rd period - Shot by Jesper Fast.
6:05 of 3rd period - Stopped by Jacob Markstrom without a rebound.
6:06 of 3rd period - Mikael Backlund wins face-off versus Phillip Danault in BlackHawks zone.
6:07 of 3rd period - Shot by Marco Scandella.
6:07 of 3rd period - Stopped by Jacob Markstrom without a rebound.
6:08 of 3rd period - Phillip Danault wins face-off versus Mikael Backlund in BlackHawks zone.
6:45 of 3rd period - Icing by Rickard Rakell.
6:46 of 3rd period - Anze Kopitar wins face-off versus Mikael Backlund in Kings zone.
6:49 of 3rd period - Shot by Anze Kopitar.
6:49 of 3rd period - Shot Misses the Net.
6:51 of 3rd period - Shot by Erik Johnson.
6:51 of 3rd period - Stopped by David Rittich without a rebound.
6:52 of 3rd period - Nick Paul wins face-off versus Anze Kopitar in Kings zone.
6:52 of 3rd period - Nick Paul is hit by Jaden Schwartz.
7:02 of 3rd period - Shot by Nick Paul.
7:02 of 3rd period - Shot Blocked by Anze Kopitar.
7:04 of 3rd period - Shot by Jesper Fast.
7:04 of 3rd period - Shot Misses the Net.
7:06 of 3rd period - Shot by Nick Paul.
7:06 of 3rd period - Shot Blocked by Justin Faulk.
7:08 of 3rd period - Shot by Jack Johnson.
7:08 of 3rd period - Goal by Jack Johnson - Kings : 3 - BlackHawks : 2.
7:09 of 3rd period - Lucas Wallmark wins face-off versus Jared McCann in neutral zone.
8:06 of 3rd period - Anze Kopitar is hit by Jack Johnson and loses puck.
8:10 of 3rd period - Minor Penalty to Jack Johnson for Holding.
8:11 of 3rd period - Anze Kopitar wins face-off versus Mikael Backlund in Kings zone.
8:11 of 3rd period - Anze Kopitar is hit by Marco Scandella.
8:46 of 3rd period - Shot by Jaden Schwartz.
8:46 of 3rd period - Stopped by David Rittich without a rebound.
8:47 of 3rd period - Phillip Danault wins face-off versus Jordan Eberle in Kings zone.
8:48 of 3rd period - Shot by Kyle Palmieri.
8:48 of 3rd period - Stopped by David Rittich without a rebound.
8:49 of 3rd period - Jordan Eberle wins face-off versus Phillip Danault in Kings zone.
8:49 of 3rd period - Jordan Eberle is hit by Kyle Palmieri.
9:01 of 3rd period - Shot by Mikael Backlund.
9:01 of 3rd period - Shot Blocked by Brandon Carlo.
9:13 of 3rd period - Shot by Kyle Palmieri.
9:13 of 3rd period - Stopped by David Rittich without a rebound.
9:14 of 3rd period - Jordan Eberle wins face-off versus Anze Kopitar in Kings zone.
9:14 of 3rd period - Jordan Eberle is hit by Anze Kopitar.
9:54 of 3rd period - Shot by Anze Kopitar.
9:54 of 3rd period - Stopped by David Rittich without a rebound.
9:55 of 3rd period - Phillip Danault wins face-off versus Jordan Eberle in Kings zone.
11:08 of 3rd period - John Moore is hit by Phillip Danault and loses puck.
11:50 of 3rd period - Icing by Marco Scandella.
11:51 of 3rd period - Nick Paul wins face-off versus Anze Kopitar in Kings zone.
11:53 of 3rd period - Minor Penalty to Phil Kessel for Holding.
11:54 of 3rd period - Phillip Danault wins face-off versus Mikael Backlund in BlackHawks zone.
12:35 of 3rd period - Ivan Barbashev is hit by Jordan Eberle and loses puck.
12:54 of 3rd period - Shot by Andre Burakovsky.
12:54 of 3rd period - Stopped by Jacob Markstrom without a rebound.
12:55 of 3rd period - Nick Paul wins face-off versus Anze Kopitar in BlackHawks zone.
12:58 of 3rd period - Shot by John Moore.
12:58 of 3rd period - Shot Misses the Net.
13:18 of 3rd period - Shot by Marco Scandella.
13:18 of 3rd period - Stopped by Jacob Markstrom with a rebound.
13:20 of 3rd period - Shot by Jesper Fast.
13:20 of 3rd period - Shot Blocked by Brandon Carlo.
13:22 of 3rd period - Shot by Jesper Fast.
13:22 of 3rd period - Shot Misses the Net.
13:24 of 3rd period - Shot by John Moore.
13:24 of 3rd period - Stopped by Jacob Markstrom without a rebound.
13:25 of 3rd period - Anze Kopitar wins face-off versus Mikael Backlund in BlackHawks zone.
13:58 of 3rd period - Shot by Justin Williams.
13:58 of 3rd period - Shot Misses the Net.
14:37 of 3rd period - Icing by Lucas Wallmark.
14:38 of 3rd period - Curtis Lazar wins face-off versus Lucas Wallmark in Kings zone.
14:43 of 3rd period - Shot by Ivan Barbashev.
14:43 of 3rd period - Stopped by David Rittich with a rebound.
14:54 of 3rd period - Icing by Justin Williams.
14:55 of 3rd period - Anze Kopitar wins face-off versus Lucas Wallmark in Kings zone.
15:00 of 3rd period - Shot by Anze Kopitar.
15:00 of 3rd period - Stopped by David Rittich without a rebound.
15:01 of 3rd period - Anze Kopitar wins face-off versus Mikael Backlund in Kings zone.
15:06 of 3rd period - Shot by Jaden Schwartz.
15:06 of 3rd period - Stopped by David Rittich without a rebound.
15:07 of 3rd period - Mikael Backlund wins face-off versus Anze Kopitar in Kings zone.
15:41 of 3rd period - Icing by Marc-Edouard Vlasic.
15:42 of 3rd period - Mikael Backlund wins face-off versus Phillip Danault in Kings zone.
15:42 of 3rd period - Mikael Backlund is hit by Phillip Danault.
15:55 of 3rd period - Off-side.
15:56 of 3rd period - Nick Paul wins face-off versus Curtis Lazar in neutral zone.
16:44 of 3rd period - Icing by John Marino.
16:45 of 3rd period - Nick Bjugstad wins face-off versus Ivan Barbashev in BlackHawks zone.
17:37 of 3rd period - Shot by Anze Kopitar.
17:37 of 3rd period - Stopped by David Rittich with a rebound.
17:39 of 3rd period - Shot by Jaden Schwartz.
17:39 of 3rd period - Stopped by David Rittich with a rebound.
17:41 of 3rd period - Shot by Justin Faulk.
17:41 of 3rd period - Shot Misses the Net.
18:08 of 3rd period - Icing by Anthony Bitetto.
18:09 of 3rd period - Phillip Danault wins face-off versus Lucas Wallmark in Kings zone.
18:09 of 3rd period - Kyle Palmieri is hit by Stephen Johns and loses puck.
18:14 of 3rd period - Shot by Phillip Danault.
18:14 of 3rd period - Stopped by David Rittich with a rebound.
18:18 of 3rd period - Shot by Kyle Palmieri.
18:18 of 3rd period - Stopped by David Rittich without a rebound.
18:19 of 3rd period - Nick Paul wins face-off versus Jared McCann in Kings zone.
18:19 of 3rd period - Nick Paul is hit by Lawson Crouse.
18:38 of 3rd period - Jesper Fast is hit by Adam Larsson and loses puck.
18:51 of 3rd period - Shot by Andre Burakovsky.
18:51 of 3rd period - Stopped by Jacob Markstrom without a rebound.
18:52 of 3rd period - Phillip Danault wins face-off versus Lucas Wallmark in BlackHawks zone.
19:06 of 3rd period - BlackHawks, Jacob Markstrom is pulled from the net.
19:45 of 3rd period - Anze Kopitar is hit by Anthony Bitetto and loses puck.
19:52 of 3rd period - Shot by Phil Kessel.
19:52 of 3rd period - Shot Blocked by Zemgus Girgensons.
Goals for this period are 3 for Kings vs 1 for BlackHawks.
Shots for this period are 10 for Kings vs 18 for BlackHawks.